[Event "Titled Tuesday Blitz December 13 Early 2022"]
[White "Ibarra Jerez, Jose Carlos"]
[Black "Chernobay, Artem"]
[WhiteFideId "2226332"]
[BlackFideId "4167406"]
[WhiteElo "2638"]
[BlackElo "2474"]
[Result "0-1"]
[Round "07"]
[TimeControl "180+1"]
[Date "2022.12.13"]
[WhiteClock "0:00:01"]
[BlackClock "0:00:06"]

1. e4 c5 2. Nc3 d6 3. d4 cxd4 4. Qxd4 Nc6 5. Qd2 g6 6. b3 Bg7 7. Bb2 Nf6 8. O-O-O O-O 9. f3 a6 10. g4 b5 11. h4 Bb7 12. h5 Rc8 13. hxg6 fxg6 14. Kb1 Qa5 15. g5 Nh5 16. Bh3 b4 17. Nd5 Bxb2 18. Kxb2 Qc5 19. Bxc8 Rxc8 20. Ne2 a5 21. Rxh5 gxh5 22. g6 hxg6 23. Qh6 Kf7 24. Qh7+ Ke8 25. Qxg6+ Kd7 26. Qf5+ Kd8 27. Nef4 Nd4 28. Qf8+ Kd7 29. Qxe7+ Kc6 30. Rc1 Nxf3 31. c3 Qf2+ 32. Rc2 bxc3+ 33. Nxc3 Qd4 34. Nd5 Ne1 35. Rh2 Nd3+ 36. Kc2 Nb4+ 37. Kb1 Qg1+ 38. Kb2 Qxh2+ 39. Ka3 Nc2+ 40. Ka4 Nd4 41. Qf7 Qb2 42. Ne7+ Kb6 43. Nxc8+ Bxc8 44. Nd5+ Ka6 45. Nc7+ Kb6 46. Na8+ Ka6 47. Qc4+ Ka7 48. Qc7+ Bb7 49. Qxa5+ Kb8 50. Qd8+ Ka7 51. Qa5+ Kb8 52. Kb4 Qd2+ 53. Ka4 Bc6+ 54. Ka3 Qxa5+ 0-1


[Site "https://www.chess.com"]

[Event "Titled Tuesday Blitz December 13 Early 2022"]
[White "Ingebretsen, Jens E"]
[Black "Weetik, Vjacheslav"]
[WhiteFideId "1522965"]
[BlackFideId "4153472"]
[WhiteElo "2213"]
[BlackElo "2469"]
[Result "0-1"]
[Round "07"]
[TimeControl "180+1"]
[Date "2022.12.14"]
[WhiteClock "0:00:16"]
[BlackClock "0:00:11"]

1. f4 d5 2. Nf3 g6 3. b3 Bg7 4. Nc3 Nf6 5. Bb2 d4 6. Nb5 c5 7. e3 a6 8. Na3 Nc6 9. Nc4 O-O 10. Be2 Nd5 11. Qc1 Bf5 12. O-O Ndb4 13. d3 b5 14. Nce5 Nxe5 15. Nxe5 dxe3 16. Bf3 Rc8 17. a3 Nd5 18. Bxd5 Qxd5 19. Qxe3 f6 20. Nf3 c4 21. dxc4 bxc4 22. Rad1 Qe4 23. Rfe1 Qxc2 24. Rd2 Qxb3 25. Qxb3 cxb3 26. Rxe7 Rc2 27. Rxc2 bxc2 28. Nd4 Rb8 29. Bc1 Rb1 30. Re1 Bd3 31. Kf2 f5 32. Ke3 Be4 33. g4 Kf7 34. gxf5 gxf5 35. Ne2 Bf8 36. Kd4 Bxa3 37. Kc3 Bb4+ 0-1


[Site "https://www.chess.com"]

[Event "Titled Tuesday Blitz December 13 Early 2022"]
[White "Ionescu, Mihai"]
[Black "Seifert, Henryk"]
[WhiteFideId "1202499"]
[BlackFideId "1100963"]
[WhiteElo "2284"]
[BlackElo "2120"]
[Result "0-1"]
[Round "07"]
[TimeControl "180+1"]
[Date "2022.12.14"]
[WhiteClock "0:00:01"]
[BlackClock "0:00:03"]

1. e4 e6 2. d4 d5 3. Nd2 Nf6 4. e5 Nfd7 5. f4 c5 6. c3 Nc6 7. Ndf3 Qb6 8. Ne2 f6 9. exf6 Nxf6 10. g3 Bd6 11. Bg2 O-O 12. O-O cxd4 13. cxd4 e5 14. fxe5 Nxe5 15. Nxe5 Bxe5 16. Kh1 Bd6 17. Nc3 Be6 18. Bg5 Qxb2 19. Qe2 Qxe2 20. Nxe2 Ne4 21. Bf4 Bb4 22. Rac1 Rac8 23. Rc7 Rxc7 24. Bxc7 Rxf1+ 25. Bxf1 Nd2 26. Nf4 Nxf1 27. Nxe6 Ne3 28. Nf4 g5 29. Nd3 Be7 30. Kg1 Nc2 31. Be5 Nb4 32. Nxb4 Bxb4 33. Kf2 Kf7 34. Kf3 h5 35. g4 h4 36. Ke2 Ke6 37. Kd3 Be7 38. Kc2 b5 39. Kb3 a5 40. a4 bxa4+ 41. Kxa4 Bb4 42. Kb5 h3 43. Bg3 Bd2 44. Be5 Be3 0-1


[Site "https://www.chess.com"]

[Event "Titled Tuesday Blitz December 13 Early 2022"]
[White "Iskusnyh, Sergei"]
[Black "Madaminov, Mukhiddin"]
[WhiteFideId "4120027"]
[BlackFideId "14210703"]
[WhiteElo "2492"]
[BlackElo "2333"]
[Result "0-1"]
[Round "07"]
[TimeControl "180+1"]
[Date "2022.12.14"]
[WhiteClock "0:00:06"]
[BlackClock "0:00:04"]

1. d4 Nf6 2. c4 e6 3. g3 d5 4. Bg2 dxc4 5. Nf3 a6 6. O-O Nc6 7. e3 Bd7 8. Qe2 Bd6 9. Qxc4 O-O 10. Rd1 Rb8 11. Nbd2 Qe7 12. Qe2 e5 13. dxe5 Nxe5 14. Nxe5 Bxe5 15. Nc4 Bb5 16. Qc2 Bxc4 17. Qxc4 c6 18. Qc2 Rfd8 19. Bd2 g6 20. Ba5 Bc7 21. Bc3 Kg7 22. Rac1 Rxd1+ 23. Rxd1 Rd8 24. b3 Rxd1+ 25. Qxd1 Be5 26. Be1 h5 27. h3 Qa3 28. Qc2 Qe7 29. Bf3 Ne8 30. Kg2 Nc7 31. Qd3 Nb5 32. a4 Nc7 33. Ba5 Ne6 34. Qc2 Qg5 35. h4 Qe7 36. Bd2 Qd6 37. Be1 Nc7 38. b4 Nd5 39. b5 axb5 40. axb5 Ne7 41. bxc6 bxc6 42. Qc4 c5 43. Be4 Nc8 44. Qd5 Qe7 45. Qb7 Qf8 46. Qd7 Nd6 47. Bd5 Nf5 48. Ba5 c4 49. Bxc4 Bxg3 50. Be6 Bxh4 51. Bxf5 Qa8+ 52. Kh3 Qh1# 0-1


[Site "https://www.chess.com"]

[Event "Titled Tuesday Blitz December 13 Early 2022"]
[White "Jaskolka, Tomasz"]
[Black "Fernandez De La Vara, Arnaldo"]
[WhiteFideId "1170791"]
[BlackFideId "3518388"]
[WhiteElo "2126"]
[BlackElo "2387"]
[Result "0-1"]
[Round "07"]
[TimeControl "180+1"]
[Date "2022.12.14"]
[WhiteClock "0:02:26"]
[BlackClock "0:02:23"]

1. d4 c5 2. e3 Nf6 3. Nf3 d5 4. c3 Nc6 5. b3 e6 6. Bb2 Qc7 7. Nbd2 Bd6 8. Bd3 O-O 9. O-O b6 10. Re1 Bb7 11. e4 cxd4 12. cxd4 Nb4 13. Bb1 dxe4 14. Ng5 Bxh2+ 15. Kh1 Nd3 16. Bxd3 exd3 17. Ndf3 Ng4 18. Rf1 Bf4 19. Qxd3 Bxg5 20. Nxg5 Qh2# 0-1


[Site "https://www.chess.com"]

[Event "Titled Tuesday Blitz December 13 Early 2022"]
[White "Johnson, Ben"]
[Black "Khamdamova, Afruza"]
[WhiteFideId "2010917"]
[BlackFideId "14210444"]
[WhiteElo "2198"]
[BlackElo "2018"]
[Result "0-1"]
[Round "07"]
[TimeControl "180+1"]
[Date "2022.12.14"]
[WhiteClock "0:00:02"]
[BlackClock "0:00:19"]

1. Nf3 Nf6 2. c4 e6 3. e3 d5 4. b3 Be7 5. Bb2 O-O 6. Qc2 b6 7. cxd5 exd5 8. Nc3 Bb7 9. d4 Nbd7 10. Bd3 c5 11. O-O h6 12. Rac1 Rc8 13. Qe2 Bd6 14. Bb1 Re8 15. Rfd1 Bb8 16. Qd3 Qe7 17. Qf5 Nf8 18. Ne5 cxd4 19. exd4 Bxe5 20. dxe5 Qxe5 21. Nb5 Qxb2 22. Rxc8 Bxc8 23. Qf4 Qe2 24. Rf1 Qxb5 25. h4 Ba6 26. Rd1 Qe2 27. Rc1 Ne6 28. Qg3 d4 29. Kh2 d3 30. Rc6 d2 31. Bc2 Nd4 0-1


[Site "https://www.chess.com"]

[Event "Titled Tuesday Blitz December 13 Early 2022"]
[White "Jumanov, Elbek"]
[Black "Bazarov, Konstantin"]
[WhiteFideId "14202905"]
[BlackFideId "4137000"]
[WhiteElo "2055"]
[BlackElo "2228"]
[Result "1-0"]
[Round "07"]
[TimeControl "180+1"]
[Date "2022.12.14"]
[WhiteClock "0:00:02"]
[BlackClock "0:00:02"]

1. c4 b6 2. g3 Bb7 3. Nf3 e5 4. Bg2 Nf6 5. O-O e4 6. Nd4 c5 7. Nc2 Qc7 8. Nc3 Be7 9. Ne3 Qe5 10. Qc2 Nc6 11. b3 Nd4 12. Qb1 O-O 13. Re1 Rfe8 14. Bb2 Bf8 15. Nb5 a6 16. Nxd4 cxd4 17. Nc2 Qh5 18. Nxd4 Ng4 19. h3 Ne5 20. g4 Qg6 21. f4 exf3 22. Qxg6 hxg6 23. exf3 Nd3 24. Rxe8 Rxe8 25. Bc3 Bc5 26. Kf1 f6 27. h4 Kf7 28. a3 Rh8 29. b4 Bd6 30. Ke2 Nf4+ 31. Kf2 Rxh4 32. Rh1 Nxg2 33. Kxg2 Rxg4+ 34. Kf2 Rf4 35. Ke3 g5 36. Rh3 g4 37. fxg4 Rxg4 38. Nf5 Bf8 39. d4 Rg5 40. Kf4 Rg1 41. d5 b5 42. Ne3 bxc4 43. a4 Rc1 44. Nxc4 Bxd5 45. Nb6 Be6 46. Rd3 g5+ 47. Ke4 f5+ 48. Ke3 f4+ 49. Kd2 Rh1 50. Nxd7 Rh2+ 51. Ke1 Bxd7 52. Rxd7+ Ke6 53. Ra7 Kf5 54. Rxa6 Ke4 55. Re6+ Kd3 56. Bf6 Bxb4+ 57. Kf1 g4 58. Bg5 Bd2 59. Rd6+ Ke4 60. Re6+ Kf3 61. Kg1 Re2 62. Rxe2 Kxe2 63. a5 Be3+ 64. Kh2 f3 65. Bh4 f2 66. Bxf2 Bxf2 67. Kg2 1-0


[Site "https://www.chess.com"]

[Event "Titled Tuesday Blitz December 13 Early 2022"]
[White "Kalashian, David"]
[Black "Vidit, Santosh Gujrathi"]
[WhiteFideId "13302418"]
[BlackFideId "5029465"]
[WhiteElo "2490"]
[BlackElo "2669"]
[Result "0-1"]
[Round "07"]
[TimeControl "180+1"]
[Date "2022.12.13"]
[WhiteClock "0:00:02"]
[BlackClock "0:00:06"]

1. d4 Nf6 2. c4 e6 3. Nf3 d5 4. Nc3 c6 5. Qd3 dxc4 6. Qxc4 b5 7. Qb3 a6 8. e4 c5 9. e5 c4 10. Qc2 Nd5 11. Nxd5 exd5 12. Be2 Nc6 13. Be3 Be7 14. h4 h6 15. a3 Bg4 16. Ng1 Qd7 17. h5 O-O 18. Bxg4 Qxg4 19. Ne2 b4 20. Rh3 bxa3 21. bxa3 Bg5 22. Rg3 Qxh5 23. Bxg5 hxg5 24. Rh3 Qg6 25. Qxg6 fxg6 26. Rc3 Rab8 27. Rcc1 Rb2 28. Rab1 Rfb8 29. Rxb2 Rxb2 30. Nc3 Ne7 31. g4 Kf7 32. Rb1 Rxb1+ 33. Nxb1 Nc6 34. Nc3 Nxd4 35. Nxd5 Nf3+ 36. Ke2 Nxe5 37. f3 a5 38. a4 Ke6 39. Ne3 Kd6 40. Nc2 Kc5 41. Ke3 c3 42. Ke4 Nc6 43. Ne3 Nb4 0-1


[Site "https://www.chess.com"]

[Event "Titled Tuesday Blitz December 13 Early 2022"]
[White "Keymer, Vincent"]
[Black "Alexakis, Dimitris"]
[WhiteFideId "12940690"]
[BlackFideId "4277023"]
[WhiteElo "2600"]
[BlackElo "2470"]
[Result "1/2-1/2"]
[Round "07"]
[TimeControl "180+1"]
[Date "2022.12.13"]
[WhiteClock "0:00:14"]
[BlackClock "0:00:09"]

1. Nf3 Nf6 2. c4 g6 3. Nc3 Bg7 4. g3 O-O 5. Bg2 d6 6. d4 Nc6 7. d5 Na5 8. b3 c5 9. Bb2 a6 10. O-O Rb8 11. a4 Qb6 12. Nd2 h5 13. h3 e5 14. dxe6 Bxe6 15. Qc2 Rbd8 16. Rad1 Rfe8 17. Rfe1 Nc6 18. Nce4 Nxe4 19. Nxe4 Nd4 20. Bxd4 cxd4 21. Ng5 Bf5 22. Qa2 Re7 23. a5 Qc5 24. Qd2 Rde8 25. Bd5 Bf6 26. h4 Kg7 27. b4 Qc8 28. Nf3 d3 29. exd3 Bg4 30. Rxe7 Rxe7 31. Re1 Rxe1+ 32. Qxe1 Qf5 33. Qe3 Bc3 34. Bxb7 Bxb4 35. Be4 Qf6 36. Kg2 Bxf3+ 37. Bxf3 Bxa5 38. Qa7 Bc3 39. Qxa6 Bd4 40. Qc6 Bc5 41. Qe4 Qe5 42. Qe2 Qxe2 43. Bxe2 Kf6 44. f4 Ke6 45. Kf3 f5 46. Bd1 Bd4 47. Ba4 Kf6 48. Ke2 Bc5 49. Bc6 Bd4 50. Bf3 Bc5 51. Bc6 Bd4 52. Kf3 Bc5 53. Bd5 Bd4 54. Bc6 Bc5 55. Be8 Bd4 56. Ba4 Bc5 57. Bd1 Bd4 58. Bc2 Bc5 59. Bd1 Bd4 60. Bc2 Bc5 61. Bd1 1/2-1/2


[Site "https://www.chess.com"]

[Event "Titled Tuesday Blitz December 13 Early 2022"]
[White "Kim, Sergey"]
[Black "Tomaszewski, Kacper"]
[WhiteFideId "13700570"]
[BlackFideId "1127373"]
[WhiteElo "2594"]
[BlackElo "2211"]
[Result "0-1"]
[Round "07"]
[TimeControl "180+1"]
[Date "2022.12.14"]
[WhiteClock "0:01:08"]
[BlackClock "0:00:40"]

1. d4 Nf6 2. c4 e6 3. Nc3 d5 4. Nf3 c5 5. e3 Nc6 6. a3 h6 7. Bd3 dxc4 8. Bxc4 a6 9. O-O b5 10. Ba2 Bb7 11. Qe2 cxd4 12. Rd1 d3 13. Rxd3 Qb6 14. e4 Bc5 15. b4 Be7 16. e5 Nh7 17. Ne4 O-O 18. Be3 Qc7 19. Nc5 Nxe5 20. Nxe5 Qxe5 21. Nxb7 Qxa1+ 22. Rd1 Qe5 23. Bb1 Nf6 24. f4 Qc7 25. Nc5 Rfd8 26. Rc1 Bxc5 27. Rxc5 Qd6 28. Bc2 Rac8 29. h3 Rxc5 30. bxc5 Qc6 31. Kh2 a5 32. Bd3 b4 33. axb4 axb4 34. Bb5 Qe4 35. c6 Nd5 36. Bd2 Qxe2 37. Bxe2 Rc8 38. Bb5 Nc3 0-1


[Site "https://www.chess.com"]

[Event "Titled Tuesday Blitz December 13 Early 2022"]
[White "Klepikov, Nikita"]
[Black "Martin Duque, Jesus"]
[WhiteFideId "24145220"]
[BlackFideId "2208954"]
[WhiteElo "2025"]
[BlackElo "2297"]
[Result "0-1"]
[Round "07"]
[TimeControl "180+1"]
[Date "2022.12.14"]
[WhiteClock "0:00:30"]
[BlackClock "0:02:27"]

1. e4 c5 2. Nf3 b6 3. d4 cxd4 4. Nxd4 Bb7 5. Nc3 a6 6. a4 e6 7. Be2 Bb4 8. Qd3 Nf6 9. Bg5 h6 10. Bxf6 Qxf6 11. O-O Nc6 12. Nxc6 Bxc6 13. Na2 Be7 14. Nc3 O-O 15. f4 Qg6 16. Bf3 f6 17. Ne2 Bc5+ 18. Kh1 Rad8 19. c3 d5 20. f5 dxe4 21. Qxd8 exf3 22. Qxf8+ Kxf8 23. fxg6 fxg2# 0-1


[Site "https://www.chess.com"]

[Event "Titled Tuesday Blitz December 13 Early 2022"]
[White "Koellner, Ruben Gideon"]
[Black "Ozen, Bahadir"]
[WhiteFideId "12993093"]
[BlackFideId "6337058"]
[WhiteElo "2655"]
[BlackElo "2844"]
[Result "1/2-1/2"]
[Round "07"]
[TimeControl "180+1"]
[Date "2022.12.14"]
[WhiteClock "0:01:25"]
[BlackClock "0:01:13"]

1. d4 d6 2. Nf3 Nf6 3. Nbd2 Nbd7 4. e4 e5 5. dxe5 dxe5 6. Bc4 Be7 7. O-O O-O 8. c3 c6 9. a4 Rb8 10. Qe2 Qc7 11. b4 b5 12. axb5 cxb5 13. Bxb5 Qxc3 14. Rxa7 Rb7 15. Ra8 Qxb4 16. Ba3 Qxb5 17. Qxb5 Rxb5 18. Bxe7 Re8 19. Bxf6 Nxf6 20. Nc4 Bb7 21. Rxe8+ Nxe8 22. Re1 f6 23. Nfd2 Rb4 24. f3 Kf7 25. Rb1 Rxb1+ 26. Nxb1 Ke6 27. Kf2 Nd6 28. Nxd6 Kxd6 29. Ke3 Kc5 30. Nd2 Bc6 31. g3 g5 32. f4 gxf4+ 33. gxf4 exf4+ 34. Kxf4 Kd6 35. Nf3 Bd7 36. Ne1 Ke7 37. Nc2 Kf7 38. Ne3 Kg6 39. Nd5 Be6 40. Ne7+ Kf7 41. Nc6 Bd7 42. Nd4 Kg6 43. Nf3 Kh5 44. e5 fxe5+ 45. Nxe5 Bc8 46. Kg3 1/2-1/2


[Site "https://www.chess.com"]

[Event "Titled Tuesday Blitz December 13 Early 2022"]
[White "Kopylov, Alexander A."]
[Black "Hirneise, Jens"]
[WhiteFideId "4164857"]
[BlackFideId "24614734"]
[WhiteElo "2436"]
[BlackElo "2345"]
[Result "1-0"]
[Round "07"]
[TimeControl "180+1"]
[Date "2022.12.13"]
[WhiteClock "0:00:22"]
[BlackClock "0:00:02"]

1. e4 c5 2. Nf3 d6 3. Bb5+ Nd7 4. O-O a6 5. Bxd7+ Bxd7 6. h3 Nf6 7. e5 dxe5 8. Nxe5 e6 9. d4 cxd4 10. Qxd4 Bc6 11. Nxc6 bxc6 12. Qa4 Qb6 13. Be3 Bc5 14. Bxc5 Qxc5 15. Nd2 O-O 16. c3 Rfd8 17. Nb3 Qb5 18. Qa5 Rd5 19. Qc7 Rd7 20. Qf4 e5 21. Qc1 Rad8 22. Qc2 Nh5 23. g3 Rd3 24. Rad1 e4 25. Nd4 Qc4 26. b3 Qxc3 27. Qxc3 Rxc3 28. Nxc6 Rxd1 29. Rxd1 g6 30. Nb4 a5 31. Nd5 Rc2 32. a4 Kg7 33. g4 Nf6 34. Nxf6 Kxf6 35. Rd5 Rc3 36. Kg2 Rxb3 37. Rxa5 e3 38. fxe3 Rxe3 39. g5+ Ke6 40. h4 Ra3 41. Ra7 Rb3 42. a5 Rb4 43. Kg3 Rb3+ 44. Kf4 Rb4+ 45. Kg3 Rb3+ 46. Kf2 Rb4 47. a6 Rxh4 48. Rb7 Ra4 49. a7 Kf5 50. Rxf7+ Kxg5 51. Rxh7 Kf5 52. Rf7+ Kg5 53. Ke3 Ra6 54. Kd4 Kg4 55. Kc5 g5 56. Kb5 Ra1 57. Kb6 Kg3 58. Rf5 g4 59. Ra5 Rb1+ 60. Ka6 1-0


[Site "https://www.chess.com"]

[Event "Titled Tuesday Blitz December 13 Early 2022"]
[White "Kosteniuk, Alexandra"]
[Black "Goroshkov, Maksym"]
[WhiteFideId "4128125"]
[BlackFideId "14142716"]
[WhiteElo "2469"]
[BlackElo "2258"]
[Result "0-1"]
[Round "07"]
[TimeControl "180+1"]
[Date "2022.12.14"]
[WhiteClock "0:01:54"]
[BlackClock "0:02:16"]

1. e4 e5 2. Nf3 d6 3. d4 Bg4 4. dxe5 Nd7 5. Be2 dxe5 6. O-O Ngf6 7. Nc3 c6 8. Bg5 Be7 9. Nd2 Bxe2 10. Qxe2 O-O 11. Rad1 Qc7 12. h3 Nc5 13. Nc4 Ne6 14. Be3 b5 15. Nd2 Rfd8 16. a3 Bc5 17. Nb3 Bb6 18. Rd3 Nd4 19. Bxd4 exd4 20. Nb1 c5 21. Rg3 c4 22. N3d2 d3 23. cxd3 Qxg3 0-1


[Site "https://www.chess.com"]

[Event "Titled Tuesday Blitz December 13 Early 2022"]
[White "Kuchava, Ana"]
[Black "Osiecki, Stanislaw"]
[WhiteFideId "13605348"]
[BlackFideId "1102990"]
[WhiteElo "2001"]
[BlackElo "2088"]
[Result "0-1"]
[Round "07"]
[TimeControl "180+1"]
[Date "2022.12.14"]
[WhiteClock "0:00:01"]
[BlackClock "0:00:12"]

1. d4 Nf6 2. Nf3 g6 3. c4 Bg7 4. Nc3 d6 5. e4 O-O 6. Be2 e5 7. O-O Nbd7 8. Re1 exd4 9. Nxd4 Nc5 10. Bf1 Re8 11. f3 a5 12. Be3 Bd7 13. Qd2 a4 14. Rad1 Qe7 15. Nd5 Nxd5 16. exd5 Qd8 17. Kh1 Qf6 18. b4 axb3 19. axb3 Ra3 20. b4 Rexe3 21. Rxe3 Bh6 22. Rxa3 Bxd2 23. Rxd2 Na6 24. Nc2 h5 25. Kg1 h4 26. Re3 Qg5 27. Rde2 h3 28. g3 Bf5 29. Nd4 Nxb4 30. f4 Qf6 31. Nxf5 Qxf5 32. Rb3 Na6 33. Rxb7 Qf6 34. Rbb2 Qd4+ 35. Rf2 Nc5 36. Bxh3 Ne4 37. Kg2 Nxf2 38. Rxf2 Qxc4 39. Bd7 Qxd5+ 40. Kg1 c5 41. f5 gxf5 42. Bxf5 Qd4 43. Kg2 c4 0-1


[Site "https://www.chess.com"]

[Event "Titled Tuesday Blitz December 13 Early 2022"]
[White "Kulkarni, Vikramaditya"]
[Black "Levine, David"]
[WhiteFideId "5009847"]
[BlackFideId "2011611"]
[WhiteElo "2273"]
[BlackElo "2136"]
[Result "0-1"]
[Round "07"]
[TimeControl "180+1"]
[Date "2022.12.14"]
[WhiteClock "0:01:24"]
[BlackClock "0:01:03"]

1. c4 Nf6 2. Nc3 g6 3. e4 d6 4. d4 Bg7 5. Nf3 O-O 6. h3 e5 7. dxe5 dxe5 8. Qxd8 Rxd8 9. Nd5 Nxd5 10. cxd5 c6 11. Bc4 b5 12. Bb3 c5 13. a4 Ba6 14. Bg5 f6 15. d6+ c4 16. axb5 Bxb5 17. Ra5 cxb3 18. Rxb5 fxg5 19. Nxg5 Rxd6 20. Ke2 Nd7 21. Rc1 Bh6 22. h4 Bxg5 23. hxg5 Nb6 24. Rc7 Rd7 25. Rxd7 Nxd7 26. Rxb3 Kf7 27. Rf3+ Ke7 28. Rh3 Rh8 29. Ra3 Ra8 30. Rh3 Nf8 31. Rb3 Rd8 32. Rb5 Ke6 33. Ra5 Rd7 34. g3 Rb7 35. b3 Nd7 36. Ra3 Nc5 37. f3 Nxb3 0-1


[Site "https://www.chess.com"]

[Event "Titled Tuesday Blitz December 13 Early 2022"]
[White "Lacasa Diaz, Jose Antonio"]
[Black "Sai Han Thiha"]
[WhiteFideId "2203375"]
[BlackFideId "13012290"]
[WhiteElo "2338"]
[BlackElo "1954"]
[Result "1-0"]
[Round "07"]
[TimeControl "180+1"]
[Date "2022.12.14"]
[WhiteClock "0:00:48"]
[BlackClock "0:00:07"]

1. e4 c6 2. d4 d5 3. e5 Bf5 4. Nf3 e6 5. Be2 Nd7 6. O-O Ne7 7. Nh4 c5 8. c3 h6 9. Nxf5 Nxf5 10. Be3 Qb6 11. Nd2 cxd4 12. cxd4 Nxd4 13. Kh1 Bc5 14. b4 Qxb4 15. Rb1 Qa3 16. Rxb7 Nxe2 17. Qxe2 Rd8 18. Qb5 a6 19. Qc6 Bxe3 20. fxe3 Qc5 21. Qa4 Qe7 22. Rc1 O-O 23. Rcc7 Nc5 24. Qd4 Qh4 25. Qxh4 1-0


[Site "https://www.chess.com"]

[Event "Titled Tuesday Blitz December 13 Early 2022"]
[White "Lamaze, Simon"]
[Black "Pakleza, Zbigniew"]
[WhiteFideId "36069264"]
[BlackFideId "1119290"]
[WhiteElo "2651"]
[BlackElo "2815"]
[Result "1-0"]
[Round "07"]
[TimeControl "180+1"]
[Date "2022.12.14"]
[WhiteClock "0:00:34"]
[BlackClock "0:00:50"]

1. e4 d6 2. d4 Nf6 3. Nc3 c6 4. f4 Qb6 5. h3 e5 6. Nf3 Nbd7 7. dxe5 dxe5 8. fxe5 Nh5 9. Bc4 Ng3 10. Bxf7+ Kd8 11. Bf4 Nxh1 12. Qd2 h6 13. e6 Nf2 14. exd7 Bxd7 15. Be6 1-0


[Site "https://www.chess.com"]

[Event "Titled Tuesday Blitz December 13 Early 2022"]
[White "Larina, Maria"]
[Black "D`Arruda, Ricardo D."]
[WhiteFideId "24113182"]
[BlackFideId "100692"]
[WhiteElo "1848"]
[BlackElo "2431"]
[Result "0-1"]
[Round "07"]
[TimeControl "180+1"]
[Date "2022.12.14"]
[WhiteClock "0:00:20"]
[BlackClock "0:00:30"]

1. e4 c5 2. Nc3 e6 3. Nf3 Nc6 4. g3 Nf6 5. Bg2 Be7 6. O-O O-O 7. d4 cxd4 8. Nxd4 a6 9. h3 Qc7 10. Nxc6 dxc6 11. Qe2 e5 12. g4 Be6 13. Bg5 Rfe8 14. Rfd1 Nd7 15. Bxe7 Rxe7 16. Qe3 Ree8 17. Ne2 Rad8 18. Ng3 Nf8 19. Nf5 Ng6 20. b3 Nf4 21. c4 c5 22. Kh2 g6 23. Ng3 Rd4 24. Ne2 Nxe2 25. Qxe2 Red8 26. Bf3 Qa5 27. Qc2 Rd2 28. Rxd2 Rxd2 29. Qc1 Rxf2+ 30. Kg3 Rxa2 31. Rxa2 Qxa2 32. Qd1 Qb2 33. Qd8+ Kg7 34. Qc7 Qd4 35. Qxb7 a5 36. Qa7 Qg1+ 37. Bg2 h5 38. gxh5 gxh5 39. Qe7 h4+ 40. Kf3 Qd1+ 41. Kf2 Qd4+ 42. Kf1 Qd1+ 43. Kf2 Qd2+ 44. Kg1 Qe3+ 45. Kh2 Qg3+ 46. Kg1 Bxh3 0-1


[Site "https://www.chess.com"]

[Event "Titled Tuesday Blitz December 13 Early 2022"]
[White "Lauridsen, Jesper Morch"]
[Black "Miszler, Levente"]
[WhiteFideId "1401890"]
[BlackFideId "763276"]
[WhiteElo "2293"]
[BlackElo "2176"]
[Result "0-1"]
[Round "07"]
[TimeControl "180+1"]
[Date "2022.12.14"]
[WhiteClock "0:00:06"]
[BlackClock "0:01:32"]

1. e4 e6 2. d4 d5 3. e5 f6 4. Nf3 fxe5 5. Nxe5 Nf6 6. Bg5 Bd6 7. Bd3 O-O 8. Qf3 c5 9. Qh3 h6 10. Bxh6 gxh6 11. Qg3+ Kh8 12. Qg6 Qe7 13. Qxh6+ Kg8 14. Ng6 Qg7 15. Qxg7+ Kxg7 16. Nxf8 Bxf8 17. dxc5 Bxc5 18. Nd2 Nc6 19. Nf3 e5 20. Be2 e4 21. Nd2 Be6 22. Nb3 Bb6 23. c3 Rf8 24. f3 Re8 25. O-O-O Bf5 26. g4 Be3+ 27. Kb1 exf3+ 28. Bd3 Bxd3+ 29. Rxd3 Nxg4 30. Rxd5 f2 31. Nd4 Nxd4 32. cxd4 Nxh2 33. Rf5 f1=Q+ 34. Rfxf1 Nxf1 35. Rxf1 Bxd4 36. Rd1 Rd8 37. Kc2 Bf6 38. Rg1+ Kf7 39. b4 Rc8+ 40. Kb3 Ke6 41. Rg3 Be5 42. Rf3 Rc7 43. a4 Bd6 44. b5 Rf7 45. Re3+ Kd7 46. a5 Rf5 47. Ka4 Rf4+ 48. Kb3 Rb4+ 0-1


[Site "https://www.chess.com"]

[Event "Titled Tuesday Blitz December 13 Early 2022"]
[White "Lazavik, Denis"]
[Black "Firouzja, Alireza"]
[WhiteFideId "13515110"]
[BlackFideId "12573981"]
[WhiteElo "2484"]
[BlackElo "2904"]
[Result "0-1"]
[Round "07"]
[TimeControl "180+1"]
[Date "2022.12.13"]
[WhiteClock "0:00:05"]
[BlackClock "0:00:05"]

1. d4 e6 2. c4 b6 3. e4 Bb7 4. Bd3 Nc6 5. Ne2 g6 6. Nbc3 Bg7 7. Be3 Nge7 8. O-O d5 9. cxd5 exd5 10. e5 Qd7 11. Rc1 O-O-O 12. Qa4 Kb8 13. Bb5 f6 14. exf6 Bxf6 15. Nf4 Qd6 16. Nd3 g5 17. Ne2 a5 18. Qb3 Na7 19. Nc5 Nxb5 20. Nxb7 Qb4 21. Nxd8 Qxb3 22. axb3 Rxd8 23. Nc3 Nxd4 24. Bxd4 Bxd4 25. Rfd1 Bf6 26. Re1 Ng6 27. g3 Ne5 28. Red1 c6 29. Kg2 g4 30. Ne2 Kb7 31. Nd4 c5 32. Ne6 Rd6 33. Nf4 Kc6 34. h3 gxh3+ 35. Nxh3 Ng6 36. Rc2 Kb5 37. f4 h5 38. Nf2 Bd4 39. Nd3 Ne7 40. Rh1 Nf5 41. Re2 Rg6 42. Rh3 h4 43. Ne5 Rxg3+ 44. Rxg3 hxg3 45. Nf3 Be3 46. Kh3 d4 47. Kg4 d3 48. Re1 d2 49. Rd1 Nd4 50. Nxd4+ cxd4 51. Kxg3 Kb4 52. f5 Kxb3 53. Kf3 Kc2 54. Ke2 Bh6 0-1


[Site "https://www.chess.com"]

[Event "Titled Tuesday Blitz December 13 Early 2022"]
[White "Le Ruyet, Leopold"]
[Black "Kostiukov, Alexandr"]
[WhiteFideId "645923"]
[BlackFideId "14108100"]
[WhiteElo "2276"]
[BlackElo "2202"]
[Result "0-1"]
[Round "07"]
[TimeControl "180+1"]
[Date "2022.12.14"]
[WhiteClock "0:01:51"]
[BlackClock "0:01:03"]

1. e4 c5 2. Nc3 g6 3. d4 cxd4 4. Qxd4 Nf6 5. Be3 Nc6 6. Qd2 Bg7 7. f3 O-O 8. O-O-O d6 9. Nge2 Qa5 10. Kb1 Bd7 11. Nf4 Rfc8 12. g4 Ne5 13. g5 Nxf3 14. Qg2 Nxg5 15. Nfd5 Ngxe4 16. Nxe7+ Kf8 17. Nxe4 Nxe4 18. Qxe4 Re8 19. Rd5 Qe1+ 20. Bc1 Qxe4 0-1


[Site "https://www.chess.com"]

[Event "Titled Tuesday Blitz December 13 Early 2022"]
[White "Lewtak, Damian"]
[Black "Artemenko, Oleg"]
[WhiteFideId "1141724"]
[BlackFideId "14201798"]
[WhiteElo "2330"]
[BlackElo "2287"]
[Result "0-1"]
[Round "07"]
[TimeControl "180+1"]
[Date "2022.12.14"]
[WhiteClock "0:00:12"]
[BlackClock "0:01:06"]

1. e4 e6 2. d4 d5 3. Nc3 Nf6 4. e5 Nfd7 5. f4 c5 6. Nf3 Nc6 7. Be3 Qb6 8. Qd2 Qxb2 9. Rb1 Qa3 10. Nb5 Qxa2 11. Rc1 cxd4 12. Nfxd4 Nc5 13. Nxc6 bxc6 14. Nc7+ Kd8 15. Nxa8 Ne4 16. Qd4 Bc5 17. Qd3 Bb4+ 18. c3 Ba3 19. Qb1 Qxb1 20. Rxb1 Bc5 21. Bxc5 Nxc5 22. Ra1 Bb7 23. Rxa7 Kc8 24. Nb6+ Kc7 25. Na4 Kb8 26. Nxc5 Kxa7 27. Nxb7 Kxb7 28. Bd3 c5 29. Kd2 c4 30. Bc2 Ra8 31. h4 h5 32. g4 hxg4 33. Rg1 g6 34. Rxg4 Rh8 35. Bd1 Kc6 36. Ke3 Kc5 37. Be2 Ra8 38. h5 gxh5 39. Rg7 Ra3 40. Rxf7 d4+ 41. Kd2 dxc3+ 42. Ke3 c2+ 43. Kd2 Rc3 44. Kc1 Kd4 45. Bxh5 Rh3 46. Kxc2 Rh2+ 47. Be2 Rxe2+ 48. Kd1 Rf2 49. Ke1 Rf3 50. Ke2 Re3+ 51. Kf2 c3 52. f5 Rxe5 53. f6 c2 54. Rc7 Kd3 55. f7 Rf5+ 56. Ke1 Rxf7 57. Rd7+ Rxd7 0-1


[Site "https://www.chess.com"]